 Dungeon Sprint DCSS version 0.15-a0-39-g424acf8 (webtiles) character file.

67 BluebellGnoll the Basher (level 4, -7/28 HPs)
             Began as a Gargoyle Fighter on Apr 2, 2014.
             Was an Initiate of Okawaru.
             Mangled by a hill giant
             ... wielding a +0,+0 giant club
              (35 damage)
             ... in the Dungeon (Sprint IX: "|||||||||||||||||||||||||||||").
             The game lasted 00:01:24 (134 turns).

BluebellGnoll the Basher (Gargoyle Fighter)          Turns: 134, Time: 00:01:24

HP  -7/28        AC 16     Str 21      XL: 4   Next: 16%
MP   4/4         EV  5     Int  8      God: Okawaru [......]
Gold 0           SH 19     Dex 12      Spells:  0 memorised,  3 levels left

rFire  . . .     SeeInvis .     a - +0 flail
rCold  . . .     Clarity  .     q - +1 chain mail
rNeg   + . .     Conserve .     c - +0 shield
rPois  +         rCorr    .     (no helmet)
rElec  +         rRot     +     b - +0 cloak
SustAb . .       Spirit   .     (no gloves)
rMut   .         Warding  .     (no boots)
Saprov . . .     NoTele   +     (no amulet)
MR     .....                    p - +2 ring of protection
                                o - +3 ring of dexterity

@: very slightly contaminated, hasted, very quick, not resistant to hostile
enchantments, extremely unstealthy
A: life protection 1, electricity resistance, unbreathing, petrification
resistance, AC +3
a: Renounce Religion


You were in the Dungeon.
You worshipped Okawaru.
Okawaru was noncommittal.
You were not hungry.

You visited 1 branch

Inventory:

Hand weapons
 a - a +0,+0 flail (weapon)
Armour
 b - a +0 cloak (worn)
 c - a +0 shield (worn)
 q - a +1 chain mail (worn)
Magical devices
 n - a wand of draining (7)
Comestibles
 d - a bread ration
Scrolls
 k - 2 scrolls of blinking
 l - 3 scrolls of remove curse
 m - 2 scrolls of amnesia
Jewellery
 o - a +3 ring of dexterity (left hand)
 p - a +2 ring of protection (right hand)
Potions
 e - a potion of might
 f - 5 potions of curing
 g - 3 potions of heal wounds
 i - 4 potions of magic
 j - a potion of invisibility


   Skills:
 - Level 3.2 Fighting
 - Level 8.8 Maces & Flails
 + Level 3.2 Armour
 - Level 3.2 Shields


You had 3 spell levels left.
You didn't know any spells.

Dungeon Overview and Level Annotations

Branches:
Dungeon (1/1)

Altars:
Ashenzari
Cheibriados
Dithmenos
Elyvilon
Fedhas
Kikubaaqudgha
Makhleb
Nemelex Xobeh
Okawaru
Sif Muna
Trog
Vehumet
Xom
Yredelemnul
Zin
The Shining One


Innate Abilities, Weirdness & Mutations

You are resistant to torment.
You are immune to poison.
You are immune to rotting.
Your stone body is very resilient (AC +3).
You resist negative energy.
You are resistant to electric shocks.
You can survive without breathing.
You are immune to petrification.


Message History

You start putting on your armour.
You continue putting on your +0 cloak.
You finish putting on your +0 cloak.
You see here a +0 centaur barding.
Items here: ))))))
Okay, then.
You see here a +0 centaur barding.
You see here a +0 scale mail.
As you open the door, it creaks loudly!
A giant gecko, a bat, a hound, an ice beast, a kobold and a hill giant come into view.
The hound barks!
The hill giant shouts!
Drink which item? (? for menu, Esc to quit)
You feel yourself speed up. You block the hill giant's attack.
You are very lightly contaminated with residual magic.
You hit the hill giant but do no damage.
The giant gecko hisses menacingly.
You hit the hill giant.
The hill giant is lightly wounded.
The hill giant hits you with a giant club!
Ouch! That really hurt!
You die...

▓+▓
▓b▓
▓l▓
▓.▓
▓I▓
▓h▓
▓K▓
▓C▓
▓@▓
▓.▓
▓[▓
▓.▓
▓[▓
▓)▓
▓|▓
▓.▓
▓.▓


You could see a hill giant, an ice beast, a hound, a giant gecko, a bat and a
kobold.

Vanquished Creatures
  An iguana (D)
  A worker ant (D)
  An adder (D)
  A bat (D)
  2 hobgoblins (D)
  A giant newt (D)
  2 goblins (D)
  A rat (D)
10 creatures vanquished.

Notes
Turn   | Place    | Note
--------------------------------------------------------------
     0 | D        | BluebellGnoll, the Gargoyle Fighter, began the quest for the Orb.
     0 | D        | Reached XP level 1. HP: 14/14 MP: 1/1
    25 | D        | Reached skill level 4 in Maces & Flails
    39 | D        | Noticed a worker ant
    39 | D        | Noticed an iguana
    46 | D        | Killed an iguana
    46 | D        | Reached skill level 7 in Maces & Flails
    46 | D        | Reached XP level 2. HP: 19/19 MP: 2/2
    46 | D        | Reached XP level 3. HP: 23/23 MP: 3/3
    49 | D        | Killed a worker ant
    49 | D        | Reached skill level 8 in Maces & Flails
    50 | D        | Reached XP level 4. HP: 28/28 MP: 4/4
    62 | D        | Found a deep blue altar of Sif Muna.
    62 | D        | Found a shattered altar of Ashenzari.
    62 | D        | Found a white marble altar of Elyvilon.
    62 | D        | Found a snail-covered altar of Cheibriados.
    62 | D        | Found a basalt altar of Yredelemnul.
    62 | D        | Found a blossoming altar of Fedhas.
    62 | D        | Found an ancient bone altar of Kikubaaqudgha.
    63 | D        | Found a glowing golden altar of the Shining One.
    64 | D        | Found an iron altar of Okawaru.
    65 | D        | Found a shattered altar of Ashenzari.
    66 | D        | Found a sparkling altar of Nemelex Xobeh.
    67 | D        | Found a burning altar of Makhleb.
    68 | D        | Found a shimmering altar of Xom.
    69 | D        | Found a bloodstained altar of Trog.
    70 | D        | Found a glowing silver altar of Zin.
    71 | D        | Found a shadowy altar of Dithmenos.
    72 | D        | Found a deep blue altar of Sif Muna.
    73 | D        | Became a worshipper of Warmaster Okawaru
    74 | D        | Found a radiant altar of Vehumet.
   131 | D        | Noticed an ice beast
   131 | D        | Noticed a hound
   131 | D        | Noticed a hill giant
   134 | D        | Mangled by a hill giant

Action                   |  1- 3 |  4- 6 || total
-------------------------+-------+-------++-------
Melee: Flail             |    32 |     3 ||    35
  Use: Potion            |     1 |     1 ||     2
